 Dungeon Crawl Stone Soup version 0.20-a0 (console) character file.

171 brucemayne the Chopper (level 5, 0/61 HPs)
             Began as a Demonspawn Berserker on Oct 27, 2016.
             Was a Follower of Trog.
             Slain by a sky beast (2 damage)
             ... on level 5 of the Dungeon.
             The game lasted 00:01:52 (451 turns).

brucemayne the Chopper (Demonspawn Berserker)        Turns: 451, Time: 00:01:53

Health: 0/61       AC:  6    Str: 24    XL:     5   Next: 26%
Magic:  5/5        EV: 10    Int:  8    God:    Trog [*.....]
Gold:   42         SH:  0    Dex: 12    Spells: 0 memorised, 4 levels left

rFire  . . .     SeeInvis .     a - +0 hand axe
rCold  . . .     Gourm    .     g - +0 scale mail
rNeg   . . .     Faith    .     (no shield)
rPois  .         Spirit   .     (no helmet)
rElec  .         Reflect  .     (no cloak)
rCorr  .         Harm     .     (no gloves)
MR     .....                    (no boots)
Stlth  ..........               (no amulet)
                                (no ring)
                                (no ring)

@: berserking (expiring), very quick
A: claws 1, spiny 1, rot immunity
a: Berserk, Burn Spellbooks, Renounce Religion


You were on level 5 of the Dungeon.
You worshipped Trog.
Trog was aware of your devotion.
You were not hungry.

You visited 1 branch of the dungeon, and saw 5 of its levels.

You collected 42 gold pieces.

Inventory:

Hand Weapons
 a - a +0 hand axe (weapon)
Armour
 b - a +0 animal skin
 g - a +0 scale mail (worn)
Scrolls
 f - a scroll of random uselessness {unknown}
 h - a scroll of recharging {unknown}
 j - a scroll of identify {unknown}
 k - 3 scrolls of remove curse {unknown}
Potions
 e - a potion of curing {unknown}
 i - a potion of mutation {unknown}
Comestibles
 c - 2 chunks of flesh
 d - a slice of pizza


   Skills:
 - Level 3.0 Fighting
 + Level 5.5 Axes
 - Level 1.7 Armour
 - Level 1.7 Dodging


You had 4 spell levels left.
You didn't know any spells.

Dungeon Overview and Level Annotations

Branches:
Dungeon (5/15)
 Temple: D:4-7

Altars:
Cheibriados
Hepliaklqana
Nemelex Xobeh
Trog


Innate Abilities, Weirdness & Mutations

You have sharp fingernails.
You are partially covered in sharp spines.
You are immune to rotting.


Message History

The sky beast flickers out of sight!
Deactivating autopickup; reactivate with Ctrl-A.
You closely miss something. You miss something. Something hits you.
Something shocks you.
* * * LOW HITPOINT WARNING * * *
You slash something! Something hits you.
* * * LOW HITPOINT WARNING * * *
Something shocks you.
* * * LOW HITPOINT WARNING * * *
You miss something. You slash something! Something hits you but does no damage.
You closely miss something. Something hits you but does no damage.
You closely miss something. You miss something. Something hits you.
* * * LOW HITPOINT WARNING * * *
Something shocks you.
* * * LOW HITPOINT WARNING * * *
You barely miss something. Something hits you but does no damage.
You closely miss something. Something hits you.
You die...

#+##.......####.#
................#
................#.#
...$............#.#
................#.#####.
......###...(...#.......
..#### ##...............
. #...{............
#....@...........
#...##....)......
#...##..(........
####.+..(...#####
#.#......# #.#......#
#.#......# #.....####
#####.#


There were no monsters in sight!

Vanquished Creatures
  A centaur (D:5)
  Terence (D:3)
  An iguana (D:4)
  3 adders
  An adder skeleton (D:4)
  A leopard gecko (D:4)
  2 bats (D:2)
  A bat zombie (D:1)
  A giant cockroach (D:5)
  A goblin (D:3)
  A quokka zombie (D:1)
  A rat (D:3)
15 creatures vanquished.

Notes
Turn   | Place    | Note
-------+----------+-------------------------------------------
     0 | D:1      | brucemayne the Demonspawn Berserker began the quest for the Orb.
     0 | D:1      | Reached XP level 1. HP: 18/18 MP: 1/1
   115 | D:2      | Reached skill level 3 in Axes
   115 | D:2      | Gained mutation: You are partially covered in sharp spines. [demonic ancestry]
   115 | D:2      | Reached XP level 2. HP: 24/24 MP: 2/2
   161 | D:3      | Noticed Terence
   172 | D:3      | Killed Terence
   172 | D:3      | Reached skill level 4 in Axes
   172 | D:3      | Gained mutation: You have sharp fingernails. [demonic ancestry]
   172 | D:3      | Reached XP level 3. HP: 29/29 MP: 3/3
   274 | D:3      | Found a hazy altar of Hepliaklqana.
   274 | D:3      | Found a sparkling altar of Nemelex Xobeh.
   274 | D:3      | Found a snail-covered altar of Cheibriados.
   274 | D:3      | Found a bloodstained altar of Trog.
   297 | D:4      | Gained mutation: You are immune to rotting. [demonic ancestry]
   297 | D:4      | Reached XP level 4. HP: 35/35 MP: 4/4
   362 | D:5      | Entered Level 5 of the Dungeon
   369 | D:5      | Noticed a centaur
   378 | D:5      | Killed a centaur
   378 | D:5      | Reached skill level 5 in Axes
   378 | D:5      | Reached XP level 5. HP: 8/41 MP: 5/5
   432 | D:5      | Noticed a sky beast
   449 | D:5      | HP: 2/61 [something (5)]
   451 | D:5      | Slain by a sky beast

Vault maps used:
D:1:      saegor_arrival_fortress
D:3:      nicolae_overflow_hidden_temple, minmay_vboxes, uniq_iyjb, uniq_terence
D:4:      first_bread, nicolae_qazlal_style_of_elements
D:5:      gammafunk_temple_overflow_pools, lemuel_angel_altar

Skill      XL: |  1  2  3  4 |
---------------+-------------+-----
Axes           | 3 4 5 |  5.5
Fighting       | |  3.0
Armour         | |  1.7
Dodging        | |  1.7

Action                   |  1- 3 |  4- 6 || total
-------------------------+-------+-------++-------
Melee: Hand axe          |    33 |    20 ||    53
Invok: Berserk           |     3 |     2 ||     5
  Eat: Bread ration      |       |     1 ||     1
Armor: Animal skin       |     6 |       ||     6
       Scale mail        |    14 |     7 ||    21
Dodge: Dodged            |    32 |     3 ||    35
